AoeStats
← Reis

Arena

507117258Analyzed
4v4 RM · 17d ago on Sep 16, 2026· 60m 48s· 8 players
Game mode
Random Map
Map size
Large (8 player)
Population
200
Speed
Normal
Resources
Standard
Victory
Conquest
Starting age
Dark Age
Ending age
Imperial Age
RankedLock teamsTeams togetherTeam positionsShared explorationLock speedFull tech treeHidden civsTurbo modeCheats
Victory
Defeat
🇨🇭 Bulgarians · Switzerland
1295
+15
🇨🇳 Lithuanians · China
1295
+15
🇨🇳 Muisca · China
1293
+15
🇹🇷 Franks · Türkiye
1266
+16
🇦🇷 Saracens · Argentina
1341
-19
🇦🇷 Hindustanis · Argentina
1315
-18
🇦🇷 Spanish · Argentina
1203
-12
🇦🇷 Tupi · Argentina
1191
-12
老狐狸
11:05 Feudal Age
14:57 Castle Age
13:59 Double-Bit Axe
13:55 Horse Collar
17:03 Bow Saw
17:27 Heavy Plow
23:27 Wheelbarrow
28:35 Imperial Age
25:56 Loom
28:41 Scale Barding Armor
28:47 Forging
28:42 Gold Mining
28:42 Stone Mining
29:48 Conscription
28:57 Elite Leitis
30:44 Chain Barding Armor
31:00 Iron Casting
31:05 Elite Skirmisher
32:35 Plate Barding Armor
31:53 Fletching
32:03 Padded Archer Armor
32:54 Thumb Ring
33:16 Tower Shields
33:15 Bodkin Arrow
34:04 Bracer
34:22 Leather Archer Armor
34:51 Husbandry
35:01 Bloodlines
35:46 Ballistics
36:26 Chemistry
36:18 Ring Archer Armor
41:10 Masonry
42:43 Scale Mail Armor
42:46 Squires
42:08 Pikeman
42:33 Arson
43:54 Architecture
44:27 Halberdier
49:55 Chain Mail Armor
50:05 Fortified Wall
51:59 Crop Rotation
51:58 Light Cavalry
53:12 Hand Cart
Reis
9:50 Feudal Age
14:32 Castle Age
13:30 Loom
15:46 Fletching
16:07 Scale Barding Armor
19:48 Fletching
20:34 Bodkin Arrow
32:58 Horse Collar
33:06 Double-Bit Axe
34:14 Bow Saw
34:58 Wheelbarrow
40:02 Gold Mining
40:03 Stone Mining
40:58 Heavy Plow
41:37 Gold Shaft Mining
41:38 Hand Cart
44:25 Imperial Age
42:19 Forging
42:09 Scale Mail Armor
43:34 Iron Casting
42:53 Pikeman
43:33 Squires
43:19 Gambesons
43:20 Arson
43:54 Chain Mail Armor
46:07 Blast Furnace
45:37 Plate Mail Armor
44:30 Halberdier
45:49 Padded Archer Armor
45:49 Bracer
46:48 Elite Skirmisher
48:16 Leather Archer Armor
49:06 Chemistry
49:18 Ballistics
50:00 Capped Ram
51:51 Conscription
51:44 Bagains
53:15 Siege Ram
天上的曼巴流泪
11:04 Feudal Age
15:59 Castle Age
14:24 Fletching
14:29 Double-Bit Axe
18:13 Gold Mining
20:07 Padded Archer Armor
20:08 Bodkin Arrow
24:56 Horse Collar
25:07 Loom
26:02 Wheelbarrow
28:51 Hand Cart
32:58 Imperial Age
30:50 Ballistics
31:24 Gold Shaft Mining
31:22 Leather Archer Armor
31:56 Heavy Plow
32:06 Bow Saw
32:13 Bow Saw
32:55 Town Watch
34:38 Bracer
35:42 Chemistry
35:10 Conscription
40:05 Elite Skirmisher
40:50 Thumb Ring
41:20 Champi Runner
42:02 Squires
43:43 Pikeman
44:09 Pikeman
44:17 Pikeman
46:47 Scale Mail Armor
46:57 Forging
48:35 Two-Man Saw
47:53 Chain Mail Armor
48:14 Iron Casting
49:02 Plate Mail Armor
55:39 Capped Ram
60:00 Crop Rotation
C42
10:55 Feudal Age
14:57 Castle Age
15:31 Double-Bit Axe
16:24 Bow Saw
23:10 Gold Mining
24:02 Wheelbarrow
24:38 Stone Mining
26:22 Hand Cart
29:01 Imperial Age
26:55 Scale Barding Armor
27:00 Forging
27:43 Husbandry
28:05 Chain Barding Armor
29:15 Ballistics
29:13 Loom
29:14 Town Watch
30:16 Gold Shaft Mining
29:57 Cavalier
31:28 Plate Barding Armor
31:52 Coinage
31:49 Chivalry
32:10 Conscription
32:29 Scale Mail Armor
33:15 Banking
32:40 Elite Throwing Axeman
33:50 #83
34:20 Chain Mail Armor
35:11 Plate Mail Armor
35:27 Iron Casting
37:13 Blast Furnace
36:06 Fletching
37:21 Chemistry
36:28 Siege Engineers
36:38 Town Patrol
40:17 Bodkin Arrow
40:56 Paladin
41:40 Murder Holes
59:33 Caravan
Ritiskiti
10:23 Feudal Age
14:36 Castle Age
13:26 Double-Bit Axe
13:44 Horse Collar
20:53 Wheelbarrow
20:48 Bow Saw
21:56 Heavy Plow
24:49 Stone Mining
24:49 Gold Mining
26:43 Gold Shaft Mining
27:02 Hand Cart
26:33 Town Watch
26:34 Loom
27:08 Hand Cart
30:55 Imperial Age
29:06 Scale Barding Armor
29:11 Forging
30:41 Padded Archer Armor
30:32 Fletching
30:52 Forging
31:03 Chain Barding Armor
31:01 Bimaristan
32:02 Conscription
32:49 Chemistry
31:21 Elite Mameluke
33:49 Conscription
33:54 Leather Archer Armor
34:14 Iron Casting
33:35 Bodkin Arrow
34:06 Bloodlines
33:56 Husbandry
34:44 Ballistics
34:22 Heavy Camel Rider
36:34 Bracer
40:31 Plate Barding Armor
40:56 Blast Furnace
47:12 Counterweights
52:38 Coinage
BOCABOCABOCA
10:59 Feudal Age
14:47 Castle Age
13:02 Horse Collar
13:09 Double-Bit Axe
15:29 Loom
17:01 Fletching
17:12 Padded Archer Armor
21:24 Horse Collar
29:09 Imperial Age
32:13 Capped Ram
32:56 Gold Mining
39:23 Bow Saw
39:03 Champi Runner
41:02 Heavy Plow
42:03 Two-Man Saw
41:39 Forging
41:29 Scale Mail Armor
41:09 Champi Warrior
44:17 Elite Champi Warrior
47:58 Iron Casting
47:38 Chain Mail Armor
49:23 Gold Shaft Mining
50:28 Wheelbarrow
59:19 Arson
Popeye
10:50 Feudal Age
12:49 Loom
15:20 Castle Age
14:22 Double-Bit Axe
14:51 Horse Collar
53:32 Gold Mining
55:47 Wheelbarrow
55:41 Gambesons
55:17 Man-at-Arms
55:56 Man-at-Arms
56:58 Fletching
57:12 Squires
58:49 Padded Archer Armor
59:01 Forging
58:51 Scale Mail Armor
58:47 Bodkin Arrow
59:51 Leather Archer Armor
62:30 Imperial Age
Karlak
10:27 Feudal Age
14:09 Castle Age
11:58 Double-Bit Axe
12:16 Horse Collar
15:23 Bow Saw
20:57 Loom
21:39 Heavy Plow
23:28 Wheelbarrow
23:39 Wheelbarrow
23:25 Gold Mining
26:05 Bloodlines
28:27 Imperial Age
26:09 Scale Barding Armor
26:15 Forging
29:00 Gold Shaft Mining
28:17 Stone Mining
29:07 Chain Barding Armor
29:23 Iron Casting
28:30 Heavy Camel Rider
29:11 Husbandry
30:35 Hand Cart
31:37 Imperial Camel Rider
32:46 Siege Elephant
34:25 Conscription
36:01 Plate Barding Armor
36:36 Blast Furnace
37:34 Light Cavalry
38:30 Grand Trunk Road
39:05 Hoardings
38:53 Hussar
39:36 Padded Archer Armor
39:26 Fletching
41:00 Chemistry
43:26 Leather Archer Armor
43:17 Shatagni
45:24 Ring Archer Armor
46:50 Fortified Wall
47:01 Ballistics
51:31 Siege Engineers
51:42 Masonry
51:27 Murder Holes
Connection lost

Rejoining the realm…

Still unreachable

The connection could not be restored.

Session expired

The server has moved on; the page needs a fresh start.